 Dungeon Crawl Stone Soup version 0.28.0-47-ge53b351184 (webtiles) character file.

Game seed: 10194537895971248366

288 DasRunzen the Ducker (level 6, -1/45 HPs)
             Began as a Djinni Fire Elementalist on Apr 29, 2022.
             Killed from afar by a white imp (12 damage)
             ... with a puff of frost
             ... summoned by Eustachio
             ... on level 4 of the Dungeon.
             The game lasted 00:03:50 (4326 turns).

DasRunzen the Ducker (Djinni Fire Elementalist)     Turns: 4326, Time: 00:03:51

Health: -1/45      AC:  4    Str:  7    XL:     6   Next: 57%
Gold:   94         EV: 13    Int: 19    God:
                   SH:  0    Dex: 13

rFire   + + .      SeeInvis .   (no weapon)
rCold   x . .      Faith    .   (no shield)
rNeg    . . .      Spirit   .   a - +0 robe
rPois   ∞          Reflect  .   e - +0 helmet
rElec   .          Harm     .   i - +0 cloak
rCorr   .          Rampage  .   (no gloves)
Will    .....                   (boots unavailable)
Stlth   ++........              (no amulet)
HPRegen 0.15/turn               (no ring)
MPRegen 0.00/turn               (no ring)

@: flying, very slightly contaminated
A: sickness immunity, fire resistance 2, cold vulnerability 1, float, innate
caster, HP casting, extra vitality 1
a: no special abilities


You were on level 4 of the Dungeon.
You visited 1 branch of the dungeon, and saw 4 of its levels.

You collected 94 gold pieces.

Inventory:

Armour
 a - a +0 robe (worn)
 e - a +0 helmet (worn)
 i - a +0 cloak (worn)
Magical Staves
 f - a staff of death
Wands
 h - a wand of digging (3)
Scrolls
 g - 2 scrolls of identify {unknown}
 j - a scroll of vulnerability {unknown}
 l - a scroll of fog
Potions
 b - 2 potions of cancellation {unknown}
 c - 2 potions of mutation {unknown}
 d - a potion of attraction {unknown}
 k - a potion of flight {unknown}


   Skills:
 + Level 2.7 Fighting
 + Level 2.8 Armour
 + Level 3.9 Dodging
 - Level 1.5 Stealth
 + Level 3.3 Spellcasting


You couldn't memorise any spells.
You knew the following spells:

 Your Spells              Type           Power      Damage    Failure   Level
a - Foxfire               Conj/Fire      60%        2x1d7     3%          1
b - Scorch                Fire           30%        2d6       5%          2
c - Conjure Flame         Conj/Fire      15%        6-21      11%         3
d - Inner Flame           Hex/Fire       15%        N/A       11%         3
e - Flame Wave            Conj/Fire      15%        2d6       36%         4
f - Freeze                Ice            60%        1d8       3%          1
g - Ensorcelled Hibernat  Hex/Ice        30%        N/A       5%          2
Your spell library was empty.

Dungeon Overview and Level Annotations

Branches:
Dungeon (4/15)
 Temple: D:4-7

Altars:
Trog

Annotations:
D:4 Eustachio


Innate Abilities, Weirdness & Mutations

You are immune to sickness and miasma.
You are immune to poison.
Your flesh is very heat resistant. (rF++)
You are vulnerable to cold. (rC-)
You float through the air rather than walking.
You learn spells naturally, not from books.
Your magical power is your life essence.
You have superior vitality. (+4 MHP)


Message History

Flames lash Eustachio.
Eustachio is severely wounded.
Eustachio's fire resistance burns away.
The foxfire hits Eustachio.
Eustachio is burned terribly!
Eustachio is almost dead.
The foxfire hits Eustachio.
Eustachio is burned terribly!
Eustachio is almost dead.
Eustachio mumbles some strange words.
Casting: Scorch (safe; 5% risk of failure)
Confirm with . or Enter, or press ? or * to list all spells.
You miscast Scorch.
You are very lightly contaminated with residual magic.
Nothing appears to happen.
Eustachio hits you with a +0 rapier.
Unknown command.
Casting: Scorch (safe; 5% risk of failure)
Confirm with . or Enter, or press ? or * to list all spells.
Flames lash the ufetubus.
The ufetubus is burned terribly!
You kill the ufetubus!
The ufetubus disappears in a puff of smoke!
The ufetubus hits you but does no damage. x2
Eustachio gestures wildly while chanting.
The ufetubus misses you. The ufetubus hits you.
Casting: Scorch (safe; 5% risk of failure)
Confirm with . or Enter, or press ? or * to list all spells.
Flames lash the white imp.
The white imp is burned terribly!
The white imp is heavily wounded.
The white imp's fire resistance burns away.
The ufetubus disappears in a puff of smoke! x2
The shadow imp hits you. Eustachio hits you with a +0 rapier!
* * * LOW HITPOINT WARNING * * *
Eustachio is no longer more vulnerable to fire.
An adder skeleton comes into view.
The shadow imp hits you but does no damage.
Eustachio mumbles some strange words.
Eustachio blinks!
The white imp lashes its tail.
The white imp grins evilly.
The white imp gestures at you. The puff of frost hits you!
You feel a terrible chill!
You die...

.. . .. ##.
.....##..
##.......
........## ##.
#....#..# [..
##..<.#..# ..
.......<.##.###
........@...Z.#Z
####.....##......
###....5........
#......55.......
##..#...§....##.
#....#.#......
#.##........#. #
#..$.......
##.......@.


You could see 2 white imps, a shadow imp (summoned) and an adder skeleton.

Vanquished Creatures
  A scorpion (D:4)
  Crazy Yiuf (D:2)
  Natasha (thrice) (D:3)
  2 orc wizards (D:3)
  2 adders
  2 worms (D:3)
  A dart slug (D:3)
  2 orcs (D:3)
  3 bats (D:1)
  2 endoplasms (D:1)
  3 giant cockroaches
  8 hobgoblins
  6 jackals (D:1)
  2 kobolds
  3 quokkas
  2 ball pythons (D:1)
  2 frilled lizards
  3 goblins
  6 rats
54 creatures vanquished.

Vanquished Creatures (others)
  351 foxfires
351 creatures vanquished.

Grand Total: 405 creatures vanquished

Notes
Turn   | Place    | Note
-------+----------+-------------------------------------------
     0 | D:1      | DasRunzen the Djinni Fire Elementalist began the quest for
                  | the Orb.
     0 | D:1      | Reached XP level 1. HP: 15/15 MP: 0/0
   324 | D:1      | Reached XP level 2. HP: 13/22 MP: 0/0
   869 | D:1      | Reached skill level 1 in Fighting
   924 | D:1      | Found a faded altar of an unknown god.
   939 | D:1      | Reached skill level 1 in Armour
   939 | D:1      | Reached XP level 3. HP: 16/27 MP: 0/0
   939 | D:1      | Learned a level 1 spell: Freeze
  1931 | D:2      | You are sucked into a shaft and drop 1 floor!
  1936 | D:3      | Reached XP level 4. HP: 28/32 MP: 0/0
  1952 | D:3      | Noticed Natasha
  1963 | D:3      | Killed Natasha
  2104 | D:3      | Noticed Natasha
  2110 | D:3      | Killed Natasha
  2111 | D:3      | Reached XP level 5. HP: 21/38 MP: 0/0
  2111 | D:3      | Learned a level 2 spell: Ensorcelled Hibernation
  2417 | D:3      | Noticed Natasha
  2421 | D:3      | Killed Natasha
  2801 | D:3      | Reached XP level 6. HP: 43/44 MP: 0/0
  3000 | D:3      | Found a bloodstained altar of Trog.
  3569 | D:2      | Found a runed translucent door.
  3570 | D:2      | Noticed Crazy Yiuf
  3676 | D:2      | Killed Crazy Yiuf
  4307 | D:4      | Noticed Eustachio
  4326 | D:4      | Killed from afar by a white imp

Illustrated notes

Levels and vault maps discovered:
D:1:      matt_arrival_grand_opening, layout_rooms,
          chequers_ecumenical_altar_simple
D:2:      layout_rooms, uniq_crazy_yiuf_cottage
D:3:      layout_loops_ring, mainiacjoe_overflow_surrounded_room, serial_glass,
          glass_columns_a, glass_columns_a, item_on_display_a,
          due_unseen_surprise, item_on_display_a, feat_on_display, uniq_natasha
D:4:      layout_rooms, grunt_ministairs_12, uniq_eustachio

Skill      XL: |  1  2  3  4  5 |
---------------+----------------+-----
Fighting       | 1 2 |  2.7
Armour         | 1 2 |  2.8
Dodging        | 3 |  3.9
Spellcasting   | 3 |  3.3
Stealth        | |  1.5

Action                   |  1- 3 |  4- 6 || total
-------------------------+-------+-------++-------
 Cast: Foxfire           |   102 |   121 ||   223
       Scorch            |       |     6 ||     6
  Use: Scroll            |     1 |     3 ||     4
Armor: Robe              |     4 |     4 ||     8
Dodge: Dodged            |    19 |    11 ||    30
